 Dungeon Crawl Stone Soup version 0.28.0-53-g5a82cb258f (webtiles) character file.

Game seed: 11603903933758589416

175 Gabide the Poker (level 5, -2/42 HPs)
             Began as a Human Monk on May 29, 2022.
             Killed from afar by an orc wizard (8 damage)
             ... with a puff of flame
             ... on level 2 of the Dungeon.
             The game lasted 00:04:38 (4483 turns).

Gabide the Poker (Human Monk)                       Turns: 4483, Time: 00:04:39

Health: -2/42      AC:  2    Str: 12    XL:     5   Next: 85%
Magic:  5/5        EV: 14    Int: 10    God:
Gold:   59         SH:  0    Dex: 17    Spells: 4/4 levels left

rFire   . . .      SeeInvis .   a - +1 spear
rCold   . . .      Faith    .   (no shield)
rNeg    . . .      Spirit   .   j - +0 animal skin
rPois   .          Reflect  .   (no helmet)
rElec   .          Harm     .   (no cloak)
rCorr   .          Rampage  .   (no gloves)
Will    .....                   (no boots)
Stlth   ++........              (no amulet)
HPRegen 0.14/turn               (no ring)
MPRegen 0.09/turn               (no ring)

@: no status effects
A: no striking features
a: no special abilities


You were on level 2 of the Dungeon.
You visited 1 branch of the dungeon, and saw 3 of its levels.

You collected 59 gold pieces.

Inventory:

Hand Weapons
 a - a +1 spear (weapon)
Armour
 b - a +0 robe
 j - a +0 animal skin (worn)
Wands
 d - a wand of polymorph (1)
Scrolls
 h - a scroll of teleportation
 i - 2 scrolls of holy word
Potions
 c - a potion of heal wounds
 g - 2 potions of mutation


   Skills:
 + Level 4.2 Fighting
 + Level 4.2 Polearms
 + Level 4.2 Dodging
 - Level 2.0 Stealth


You had 4 spell levels left.
You didn't know any spells.
Your spell library was empty.

Dungeon Overview and Level Annotations

Branches:
Dungeon (3/15)

Altars:
Trog


Message History

The orc wizard is lightly wounded.
The orc wizard hits you with a +0 dagger.
You feel less confused.
The orc wizard hits you with a +0 dagger.
There is a stone staircase leading down here.
The orc wizard barely misses you.
You hit the orc wizard but do no damage.
The orc wizard is lightly wounded.
You hit the orc wizard but do no damage.
The orc wizard is lightly wounded.
The orc wizard hits you but does no damage.
You hit the orc wizard but do no damage.
The orc wizard is lightly wounded.
The orc wizard barely misses you.
You hit the orc wizard.
The orc wizard is lightly wounded.
The orc wizard closely misses you.
You hit the orc wizard.
The orc wizard is heavily wounded.
The orc wizard mumbles some strange words.
The orc wizard flickers and vanishes!
Deactivating autopickup; reactivate with Ctrl-A.
You hit something but do no damage. Something hits you.
You miss something. Something hits you but does no damage.
You hit something. Something hits you.
You hear some strange, mumbled words.
Something tries to affect you, but you resist.
Something hits you.
You hear some strange, mumbled words.
Something tries to affect you, but you resist.
You hear some strange, mumbled words.
Something tries to affect you, but you resist.
A magic dart appears from out of thin air!
The magic dart hits you!
A puff of flame appears from out of thin air!
The puff of flame hits you!
* * * LOW HITPOINT WARNING * * *
A puff of flame appears from out of thin air!
The puff of flame hits you!
You die...

###..####....#####.# #.#.#
..........#### #.# #.#>#
###..###### #.#######.#.# #
#..########## #.........#.#
#..........<######.#######.#
#..########........# #.#
##.># ########.# #.# ##...##
###########.# #.####
#.....## #.{....@....#
#.....
.......###.#########.#
###### ...........# #.#
.......##### ####.#
......######### #....#
##............# #.####
##.#########.#
#>############ #.# #.#
#............# #.# #.#
############.# ##


There were no monsters in sight!

Vanquished Creatures
  A hound (D:2)
  Natasha (thrice) (D:2)
  A gnoll (D:2)
  2 adders (D:2)
  A white imp (D:2)
  An orc (D:3)
  3 bats
  2 endoplasms (D:1)
  2 giant cockroaches (D:1)
  3 goblins
  4 hobgoblins
  2 kobolds (D:2)
  2 quokkas
  6 ball pythons
  A frilled lizard (D:1)
  4 rats
38 creatures vanquished.

Notes
Turn   | Place    | Note
-------+----------+-------------------------------------------
     0 | D:1      | Gabide the Human Monk began the quest for the Orb.
     0 | D:1      | Reached XP level 1. HP: 18/18 MP: 1/1
   238 | D:1      | Reached XP level 2. HP: 24/24 MP: 2/2
   241 | D:1      | Found a faded altar of an unknown god.
   769 | D:2      | Reached XP level 3. HP: 26/29 MP: 3/3
  1061 | D:2      | Noticed Terence
  1465 | D:2      | Reached XP level 4. HP: 37/37 MP: 4/4
  1880 | D:3      | Found a bloodstained altar of Trog.
  1897 | D:3      | Noticed Natasha
  2132 | D:2      | Reached XP level 5. HP: 21/42 MP: 5/5
  2299 | D:2      | Killed Natasha
  2759 | D:2      | Noticed Natasha
  2771 | D:2      | Killed Natasha
  4078 | D:2      | Noticed Natasha
  4088 | D:2      | Killed Natasha
  4483 | D:2      | Killed from afar by an orc wizard

Illustrated notes

Levels and vault maps discovered:
D:1:      kennysheep_arrival_seaside, layout_rooms,
          shapermc_ecumenical_altar_ellora
D:2:      layout_loops_ring, uniq_terence
D:3:      layout_rooms, grunt_temple_overflow_champion_of_chaos,
          nzn_overflow_gifts_of_might_and_magic, kennysheep_vampire_church,
          minmay_joined_circles, uniq_natasha

Skill      XL: |  1  2  3  4  5 |
---------------+----------------+-----
Fighting       | 4 |  4.2
Polearms       | 4 |  4.2
Dodging        | 4 |  4.2
Stealth        | |  2.0

Action                   |  1- 3 |  4- 6 || total
-------------------------+-------+-------++-------
Melee: Spear             |   113 |    86 ||   199
       Punch             |     1 |     3 ||     4
  Use: Potion            |     1 |       ||     1
       Scroll            |       |     7 ||     7
 Stab: Sleeping          |     5 |     3 ||     8
       Distracted        |     1 |       ||     1
Armor: Robe              |     7 |     2 ||     9
       Animal skin       |       |    10 ||    10
Dodge: Dodged            |    59 |    35 ||    94
